TOP OF THE 1ST |
Hartford Whalers batting - Pitching for Athletic Club KC Athletics : RHP Michael Battle
|
Pitching: RHP Michael Battle
|
|
Batting: RHB Roberto Ramírez
|
0-0: Called Strike 0-1: Swinging Strike 0-2: Ball 1-2: Strikes out swinging
|
Batting: RHB Félix Rodríguez
|
0-0: Ball 1-0: Foul Ball, location: 2F 1-1: Foul Ball, location: 2F 1-2: Strikes out swinging
|
Batting: RHB Tyrone Scott
|
0-0: Ground out 6-3 (Groundball, 6S)
|
Top of the 1st over - 0 run(s), 0 hit(s), 0 error(s), 0 left on base; Hartford 0 - Athletic Club KC 0 |
BOTTOM OF THE 1ST |
Athletic Club KC Athletics batting - Pitching for Hartford Whalers : LHP Jesús Cantú
|
Pitching: LHP Jesús Cantú
|
|
Batting: SHB David Henderson
|
0-0: Ball 1-0: Foul Ball, location: 2F 1-1: Called Strike 1-2: Ground out 6-3 (Groundball, 6)
|
Batting: RHB Yoshio Matsuo
|
0-0: Ball 1-0: Foul Ball, location: 2F 1-1: Foul Ball, location: 2F 1-2: Ball 2-2: Ball 3-2: Ground out 5-3 (Groundball, 5)
|
Batting: LHB Emílio Sáenz
|
0-0: Ball 1-0: Called Strike 1-1: Called Strike 1-2: Foul Ball, location: 2F 1-2: Strikes out looking
|
Bottom of the 1st over - 0 run(s), 0 hit(s), 0 error(s), 0 left on base; Hartford 0 - Athletic Club KC 0 |
TOP OF THE 2ND |
Hartford Whalers batting - Pitching for Athletic Club KC Athletics : RHP Michael Battle
|
Batting: LHB Bill Burgess
|
0-0: Foul Ball, location: 2F 0-1: Ball 1-1: Ball 2-1: Foul Ball, location: 2F 2-2: Ball 3-2: Foul Ball, location: 2F 3-2: SINGLE (Line Drive, 6MD)
|
Batting: LHB César Durán
|
0-0: Foul Ball, location: 2F 0-1: Foul Ball, location: 2F 0-2: Foul Ball, location: 2F 0-2: Ball 1-2: Foul Ball, location: 2F 1-2: Strikes out swinging
|
Batting: LHB Leonardo López
|
0-0: Ball 1-0: Ball 2-0: Called Strike 2-1: Called Strike 2-2: Ball 3-2: Strikes out swinging Bill Burgess is caught stealing 2nd base Batter strikes out.
|
Top of the 2nd over - 0 run(s), 1 hit(s), 0 error(s), 0 left on base; Hartford 0 - Athletic Club KC 0 |
BOTTOM OF THE 2ND |
Athletic Club KC Athletics batting - Pitching for Hartford Whalers : LHP Jesús Cantú
|
Batting: RHB Cory Staton
|
0-0: Called Strike 0-1: Called Strike 0-2: Strikes out swinging, 2-3 out at first.
|
Batting: RHB Vicente Díaz
|
0-0: SINGLE (Line Drive, 9LS)
|
Batting: RHB Ramón Souza
|
0-0: Ball 1-0: Ball 2-0: Called Strike 2-1: Ball 3-1: Foul Ball, location: 2F 3-2: Base on Balls Vicente Díaz to second
|
Batting: LHB Chris Rice
|
0-0: Called Strike 0-1: Ball 1-1: Swinging Strike 1-2: Foul Ball, location: 2F 1-2: Fly out, F8 (Flyball, 8LXD) Runner from 2nd tags up, SAFE at 3rd, no throw
|
Batting: RHB Harry Fuller
|
0-0: Called Strike 0-1: SINGLE (Groundball, 4M) (infield hit) Vicente Díaz scores Ramón Souza to second
|
Batting: RHB Michael Battle
|
0-0: Ball 1-0: Foul Ball, location: 2F 1-1: Ball Wild Pitch! Ramón Souza to third Harry Fuller to second 2-1: Called Strike 2-2: Strikes out looking
|
Bottom of the 2nd over - 1 run(s), 2 hit(s), 0 error(s), 2 left on base; Hartford 0 - Athletic Club KC 1 |
TOP OF THE 3RD |
Hartford Whalers batting - Pitching for Athletic Club KC Athletics : RHP Michael Battle
|
Batting: LHB Frank Parks
|
0-0: Ball 1-0: Fly out, F6 (Popup, 6D)
|
Batting: RHB Dave O'Day
|
0-0: Ground out 6-3 (Groundball, 6)
|
Batting: LHB Jesús Cantú
|
0-0: Ball 1-0: Ball 2-0: Swinging Strike 2-1: Swinging Strike 2-2: Foul Ball, location: 2F 2-2: Strikes out swinging
|
Top of the 3rd over - 0 run(s), 0 hit(s), 0 error(s), 0 left on base; Hartford 0 - Athletic Club KC 1 |
BOTTOM OF THE 3RD |
Athletic Club KC Athletics batting - Pitching for Hartford Whalers : LHP Jesús Cantú
|
Batting: SHB David Henderson
|
0-0: Ground out 5-3 (Groundball, 56S)
|
Batting: RHB Yoshio Matsuo
|
0-0: Ball 1-0: Ball 2-0: Swinging Strike 2-1: Ball 3-1: Foul Ball, location: 2F 3-2: Base on Balls
|
Batting: LHB Emílio Sáenz
|
0-0: Ball 1-0: Ball 2-0: Ball 3-0: SINGLE (Groundball, 6MD) Yoshio Matsuo to second Runner from 2nd tries for 3rd, SAFE, no throw or cutoff
|
Batting: RHB Cory Staton
|
0-0: Called Strike 0-1: Foul Ball, location: 2F 0-2: Fly out, F8 (Flyball, 78D) Runner from 3rd tags up, SCORES, no throw
|
Batting: RHB Vicente Díaz
|
0-0: Ball Emílio Sáenz steals 2nd base 1-0: Foul Ball, location: 2F 1-1: Foul Ball, location: 2F 1-2: 2-RUN HOME RUN (Flyball, 89XD), Distance : 415 ft
|
Batting: RHB Ramón Souza
|
0-0: Called Strike 0-1: Ball 1-1: Foul Ball, location: 2F 1-2: Fly out, F7 (Flyball, 78D)
|
Bottom of the 3rd over - 3 run(s), 2 hit(s), 0 error(s), 0 left on base; Hartford 0 - Athletic Club KC 4 |
TOP OF THE 4TH |
Hartford Whalers batting - Pitching for Athletic Club KC Athletics : RHP Michael Battle
|
Batting: RHB Roberto Ramírez
|
0-0: Fly out, F3 (Popup, 3DF)
|
Batting: RHB Félix Rodríguez
|
0-0: Ball 1-0: Ball 2-0: Ball 3-0: Called Strike 3-1: Base on Balls
|
Batting: RHB Tyrone Scott
|
0-0: Ball 1-0: Foul Ball, location: 2F 1-1: Swinging Strike 1-2: Ground out 3-1 (Groundball, 34) Félix Rodríguez to second
|
Batting: LHB Bill Burgess
|
0-0: Called Strike 0-1: Ball 1-1: SINGLE (Groundball, 6MD) Félix Rodríguez to third Runner from 3rd tries for Home, SAFE, no throw or cutoff
|
Batting: LHB César Durán
|
0-0: Ball 1-0: Called Strike 1-1: Foul Ball, location: 2F 1-2: Strikes out swinging
|
Top of the 4th over - 1 run(s), 1 hit(s), 0 error(s), 1 left on base; Hartford 1 - Athletic Club KC 4 |
BOTTOM OF THE 4TH |
Athletic Club KC Athletics batting - Pitching for Hartford Whalers : LHP Jesús Cantú
|
Batting: LHB Chris Rice
|
0-0: Ball 1-0: Foul Ball, location: 2F 1-1: Called Strike 1-2: Ball 2-2: Foul Ball, location: 2F 2-2: Ground out 1-3 (Groundball, 13)
|
Batting: RHB Harry Fuller
|
0-0: Ball 1-0: Ball 2-0: Ball 3-0: Base on Balls
|
Batting: RHB Michael Battle
|
0-0: Ball 1-0: Bunted foul 1-1: Sac Bunt - play at first, batter OUT! 1-4 Harry Fuller to second
|
Batting: SHB David Henderson
|
0-0: Ball 1-0: Foul Ball, location: 2F 1-1: Fly out, F3 (Popup, 3SF)
|
Bottom of the 4th over - 0 run(s), 0 hit(s), 0 error(s), 1 left on base; Hartford 1 - Athletic Club KC 4 |
TOP OF THE 5TH |
Hartford Whalers batting - Pitching for Athletic Club KC Athletics : RHP Michael Battle
|
Batting: LHB Leonardo López
|
0-0: Ball 1-0: Ball 2-0: Ball 3-0: Called Strike 3-1: Ground out 3-1 (Groundball, 34)
|
Batting: LHB Frank Parks
|
0-0: Ball 1-0: Swinging Strike 1-1: Foul Ball, location: 2F 1-2: SOLO HOME RUN (Flyball, 9D), Distance : 380 ft
|
Pitching: RHP Carlos Fuentes
|
|
Batting: RHB Dave O'Day
|
0-0: Swinging Strike 0-1: Ball 1-1: Foul Ball, location: 2F 1-2: Strikes out swinging
|
Pinch Hitting: SHB Robert Shelby
|
0-0: Swinging Strike 0-1: Fly out, F7 (Flyball, 7M)
|
Top of the 5th over - 1 run(s), 1 hit(s), 0 error(s), 0 left on base; Hartford 2 - Athletic Club KC 4 |
BOTTOM OF THE 5TH |
Athletic Club KC Athletics batting - Pitching for Hartford Whalers : LHP Jesús Cantú
|
Pitching: RHP Iván Cordero
|
|
Batting: RHB Yoshio Matsuo
|
0-0: Swinging Strike 0-1: Swinging Strike 0-2: Ball 1-2: Foul Ball, location: 2F 1-2: SINGLE (Line Drive, 78S)
|
Batting: LHB Emílio Sáenz
|
0-0: Ball 1-0: Foul Ball, location: 2F 1-1: Ball Wild Pitch! Yoshio Matsuo to second 2-1: Intentional Walk
|
Batting: RHB Cory Staton
|
0-0: Called Strike 0-1: Fly out, F3 (Popup, 3F)
|
Batting: RHB Vicente Díaz
|
0-0: Called Strike 0-1: SINGLE (Line Drive, 78S) Yoshio Matsuo to third Emílio Sáenz to second
|
Batting: RHB Ramón Souza
|
0-0: Ground out 5-3 (Groundball, 15S) Yoshio Matsuo scores Emílio Sáenz to third Vicente Díaz to second
|
Batting: LHB Chris Rice
|
0-0: Called Strike 0-1: Foul Ball, location: 2F 0-2: Foul Ball, location: 2F 0-2: SINGLE (Groundball, 4MD) Emílio Sáenz scores Vicente Díaz to third Runner from 3rd tries for Home, SAFE, no throw or cutoff
|
Pitching: LHP Tony Cherena
|
|
Batting: RHB Harry Fuller
|
0-0: Ball 1-0: Called Strike 1-1: Called Strike Reached via error on a dropped throw, E3 Chris Rice to second
|
Pinch Hitting: LHB Tony Reynolds
|
0-0: Ball 1-0: Ball 2-0: Ball 3-0: Called Strike 3-1: Ground out 4-3 (Groundball, 34)
|
Bottom of the 5th over - 3 run(s), 3 hit(s), 1 error(s), 2 left on base; Hartford 2 - Athletic Club KC 7 |
TOP OF THE 6TH |
Hartford Whalers batting - Pitching for Athletic Club KC Athletics : RHP Carlos Fuentes
|
Pitching: RHP Chip Scott
|
|
Batting: RHB Roberto Ramírez
|
0-0: Called Strike 0-1: Swinging Strike 0-2: Reached on error, E5 (Groundball, 56)
|
Batting: RHB Félix Rodríguez
|
0-0: Foul Ball, location: 2F 0-1: Called Strike 0-2: Fly out, F8 (Flyball, 8RM)
|
Batting: RHB Tyrone Scott
|
0-0: Called Strike 0-1: Ball 1-1: Ball 2-1: Grounds into double play, 5-4-3 (Groundball, 5L)
|
Top of the 6th over - 0 run(s), 0 hit(s), 1 error(s), 0 left on base; Hartford 2 - Athletic Club KC 7 |
BOTTOM OF THE 6TH |
Athletic Club KC Athletics batting - Pitching for Hartford Whalers : LHP Tony Cherena
|
Batting: SHB David Henderson
|
0-0: Ball 1-0: Ball 2-0: Ball 3-0: Base on Balls
|
Batting: RHB Yoshio Matsuo
|
0-0: Called Strike 0-1: Foul Ball, location: 2F 0-2: Strikes out swinging
|
Batting: LHB Emílio Sáenz
|
0-0: Ball 1-0: Ball 2-0: Ball 3-0: Called Strike 3-1: Foul Ball, location: 2F 3-2: SINGLE (Groundball, 56D) David Henderson to second
|
Batting: RHB Cory Staton
|
0-0: Grounds into double play, 6-4-3 (Groundball, 6)
|
Bottom of the 6th over - 0 run(s), 1 hit(s), 0 error(s), 1 left on base; Hartford 2 - Athletic Club KC 7 |
TOP OF THE 7TH |
Hartford Whalers batting - Pitching for Athletic Club KC Athletics : RHP Chip Scott
|
Now at C: Juan Benítez
|
|
Now in LF: Rick Atkinson
|
|
Batting: LHB Bill Burgess
|
0-0: Ball 1-0: Foul Ball, location: 2F 1-1: Called Strike 1-2: Strikes out swinging
|
Batting: LHB César Durán
|
0-0: Called Strike 0-1: Foul Ball, location: 2F 0-2: Strikes out looking
|
Batting: LHB Leonardo López
|
0-0: Ball 1-0: Foul Ball, location: 2F 1-1: Ball 2-1: Ball 3-1: Fly out, F9 (Flyball, 89XD)
|
Top of the 7th over - 0 run(s), 0 hit(s), 0 error(s), 0 left on base; Hartford 2 - Athletic Club KC 7 |
BOTTOM OF THE 7TH |
Athletic Club KC Athletics batting - Pitching for Hartford Whalers : LHP Tony Cherena
|
Batting: RHB Juan Benítez
|
0-0: Called Strike 0-1: Foul Ball, location: 2F 0-2: DOUBLE (Groundball, 5L)
|
Batting: RHB Rick Atkinson
|
0-0: Ball 1-0: Fly out, F8 (Line Drive, 8LD)
|
Batting: LHB Chris Rice
|
0-0: Called Strike 0-1: Ball 1-1: Fly out, F7 (Flyball, 7LM)
|
Batting: RHB Harry Fuller
|
0-0: Ball 1-0: Ball 2-0: Ball 3-0: Base on Balls
|
Pinch Hitting: RHB Guillermo Montoya
|
0-0: SINGLE (Groundball, 6M) Juan Benítez to third Harry Fuller to second Runner from 3rd tries for Home, SAFE, throw made home Harry Fuller to third Guillermo Montoya to second
|
Batting: SHB David Henderson
|
0-0: Called Strike 0-1: Ball 1-1: Swinging Strike 1-2: Ball 2-2: Ball 3-2: Base on Balls
|
Batting: RHB Yoshio Matsuo
|
0-0: Ball 1-0: Ball 2-0: Ball 3-0: Called Strike 3-1: Ground out 4-3 (Groundball, 4)
|
Bottom of the 7th over - 1 run(s), 2 hit(s), 0 error(s), 3 left on base; Hartford 2 - Athletic Club KC 8 |
TOP OF THE 8TH |
Hartford Whalers batting - Pitching for Athletic Club KC Athletics : RHP Chip Scott
|
Pitching: RHP Craig Moody
|
|
Batting: LHB Frank Parks
|
0-0: Ball 1-0: Called Strike 1-1: Ground out 3-1 (Groundball, 34)
|
Batting: RHB Dave O'Day
|
0-0: Ball 1-0: Foul Ball, location: 2F 1-1: Ball 2-1: Foul Ball, location: 2F 2-2: Strikes out swinging
|
Pinch Hitting: RHB Mike McDonald
|
0-0: Ball 1-0: SINGLE (Groundball, 56D)
|
Batting: RHB Roberto Ramírez
|
0-0: Ball 1-0: Ball 2-0: Called Strike 2-1: TRIPLE (Line Drive, 7LM) Mike McDonald scores
|
Batting: RHB Félix Rodríguez
|
0-0: Ball 1-0: Ball 2-0: Swinging Strike 2-1: Swinging Strike 2-2: Foul Ball, location: 2F 2-2: Ball 3-2: Foul Ball, location: 2F 3-2: Strikes out looking
|
Top of the 8th over - 1 run(s), 2 hit(s), 0 error(s), 1 left on base; Hartford 3 - Athletic Club KC 8 |
BOTTOM OF THE 8TH |
Athletic Club KC Athletics batting - Pitching for Hartford Whalers : LHP Tony Cherena
|
Pitching: RHP Kelly Hampton
|
|
Batting: LHB Emílio Sáenz
|
0-0: Ball 1-0: Ball 2-0: Called Strike 2-1: Ball 3-1: Called Strike 3-2: Reached on error, E3 (Groundball, 3L)
|
Batting: RHB Cory Staton
|
0-0: Called Strike 0-1: Foul Ball, location: 2F 0-2: Ball 1-2: Ball 2-2: Strikes out looking
|
Batting: RHB Juan Benítez
|
0-0: Called Strike 0-1: SINGLE (Groundball, 4M) Emílio Sáenz to second
|
Batting: RHB Rick Atkinson
|
0-0: Called Strike 0-1: Called Strike Emílio Sáenz steals 3rd base 0-2: Fielders Choice at 2nd, 5-4 (Groundball, 56) Emílio Sáenz scores
|
Batting: LHB Chris Rice
|
0-0: Ball 1-0: Ball 2-0: SINGLE (Groundball, 4MD) Rick Atkinson to second Runner from 2nd tries for 3rd, SAFE, no throw or cutoff
|
Batting: RHB Harry Fuller
|
0-0: Called Strike 0-1: Foul Ball, location: 2F 0-2: Ball 1-2: Ground out 1-3 (Groundball, 15)
|
Bottom of the 8th over - 1 run(s), 2 hit(s), 1 error(s), 2 left on base; Hartford 3 - Athletic Club KC 9 |
TOP OF THE 9TH |
Hartford Whalers batting - Pitching for Athletic Club KC Athletics : RHP Craig Moody
|
Batting: RHB Tyrone Scott
|
0-0: DOUBLE (Groundball, 5L)
|
Batting: LHB Bill Burgess
|
0-0: Ball 1-0: Ball 2-0: Fly out, F6 (Popup, 56)
|
Batting: LHB César Durán
|
0-0: Fly out, F8 (Line Drive, 8RD)
|
Batting: LHB Leonardo López
|
0-0: Ball 1-0: Called Strike 1-1: Called Strike 1-2: Ball 2-2: Strikes out swinging
|
Top of the 9th over - 0 run(s), 1 hit(s), 0 error(s), 1 left on base; Hartford 3 - Athletic Club KC 9 |
|